 Dungeon Crawl Stone Soup version 0.30-a0-760-g5a9884bb7c (webtiles) character file.

Game seed: 17165219343511881266

162033 hikkokomori the Warrior (level 17, -4/161 HPs)
             Began as a Minotaur Fighter on Feb 11, 2023.
             Was a High Priest of Okawaru.
             Succumbed to a sea snake's poison
             ... on level 4 of the Snake Pit.
             The game lasted 01:05:32 (29021 turns).

hikkokomori the Warrior (Minotaur Fighter)         Turns: 29021, Time: 01:05:33

Health: -4/161     AC: 32    Str: 26    XL:     17   Next: 21%
Magic:  23/24      EV: 15    Int:  5    God:    Okawaru [*****.]
Gold:   679        SH: 15    Dex: 17    Spells: 26/26 levels left

rFire   + . .      SeeInvis +    C - +6 demon trident (elec)
rCold   . . .      Faith    .    c - +0 kite shield
rNeg    + . .      Spirit   .    v - +6 plate armour of Impatience {Contam +Blink rF+ Str+4}
rPois   .          Reflect  .    (helmet restricted)
rElec   +          Harm     .    O - +0 cloak
rCorr   .          Rampage  .    b - +2 pair of gloves {infuse}
Will    ++...                    q - +0 pair of boots Stlth
                                 Z - amulet of Vitality {RegenMP++ Regen++}
HPRegen 2.06/turn                a - ring "Xahaoti" {rElec rN+ Will+}
MPRegen 0.99/turn                X - ring of see invisible

@: lethally poisoned (-4 -> -49), heroic, studying Polearms
A: horns 2, retaliatory headbutt
a: Renounce Religion, Evoke Blink, Heroism, Finesse, Duel


You were on level 4 of the Snake Pit.
You worshipped Okawaru.
Okawaru was extremely pleased with you.
You visited 6 branches of the dungeon, and saw 26 of its levels.
You also visited: Bailey and Volcano.

You collected 3374 gold pieces.
You spent 2695 gold pieces at shops.

Inventory:

Hand Weapons
 t - a +6 demon trident of protection
 C - a +6 demon trident of electrocution (weapon)
Missiles
 s - 11 silver boomerangs (quivered)
 x - 6 throwing nets
 z - 5 javelins
 B - 17 atropa-tipped darts
 M - 9 curare-tipped darts
Armour
 b - a +2 pair of gloves of infusion (worn)
 c - a +0 kite shield (worn)
 q - a +0 pair of boots (worn)
 v - the +6 plate armour of Impatience (worn) {Contam +Blink rF+ Str+4}
   (Okawaru gifted it to you on level 2 of the Lair of Beasts)

   Str:       It affects your strength (+4).
   rF:        It protects you from fire.
   +Blink:    It lets you blink.
   Contam:    It causes magical contamination when unequipped.
 D - +1 pearl dragon scales
 O - a +0 cloak (worn)
Jewellery
 a - the ring "Xahaoti" (left hand) {rElec rN+ Will+}
   (You bought it in a shop on level 1 of the Orcish Mines)

   [ring of willpower]

   rElec:     It insulates you from electricity.
   rN:        It protects you from negative energy.
   Will:      It increases your willpower.
 g - a ring of resist corrosion
 w - a ring of protection from cold
 G - a +6 ring of intelligence
 P - a ring of flight
 X - a ring of see invisible (right hand)
 Z - the amulet of Vitality (around neck) {RegenMP++ Regen++}
   (You bought it in a shop on level 10 of the Dungeon)

   [amulet of magic regeneration]

   It increases your rate of magic regeneration.
   Regen:     It increases your rate of health regeneration.
Wands
 H - a wand of flame (8)
 I - a wand of polymorph (6)
 J - a wand of quicksilver (12)
 K - a wand of iceblast (17)
Scrolls
 f - 3 scrolls of fear
 o - 3 scrolls of teleportation
 u - 2 scrolls of poison
 y - 4 scrolls of enchant armour
 A - a scroll of brand weapon
 E - 2 scrolls of blinking
 F - 2 scrolls of magic mapping
 L - 3 scrolls of immolation
 N - 2 scrolls of amnesia
 S - 3 scrolls of vulnerability
 V - a scroll of acquirement
 Y - a scroll of fog
Potions
 d - a potion of might
 e - 2 potions of curing
 h - 4 potions of brilliance
 i - 5 potions of attraction
 j - 4 potions of haste
 k - 2 potions of cancellation
 l - 5 potions of heal wounds
 n - 2 potions of mutation
 p - 2 potions of magic
 r - a potion of invisibility
 Q - 2 potions of resistance
 R - a potion of flight
Miscellaneous
 T - a lightning rod (4/4)


   Skills:
 + Level 17.2(22.2) Fighting
 + Level 17.1(22.1) Polearms
 - Level 6.7(11.7) Throwing
 + Level 15.0(20.0) Armour
 - Level 11.0(16.0) Dodging
 - Level 3.2(8.2) Stealth
 + Level 12.1(17.1) Shields
 + Level 5.3 Spellcasting
 + Level 11.2 Invocations
 - Level 8.0 Evocations


You had 26 spell levels left.
You didn't know any spells.
Your spell library contained the following spells:

 Spells                   Type           Power      Damage    Failure   Level
 Foxfire                  Conj/Fire      4%         2x1d4     94%         1
 Kiss of Death            Conj/Necr      4%         2d5       94%         1
 Magic Dart               Conj           4%         1d3       94%         1
 Slow                     Hex            4%         N/A       94%         1
 Blink                    Tloc           2%         N/A       98%         2
 Cigotuvi's Dreadful Rot  Necr/Pois/Air  2%         N/A       98%         2
 Ensorcelled Hibernation  Hex/Ice        2%         N/A       98%         2
 Lesser Beckoning         Tloc           2%         N/A       98%         2
 Passwall                 Tmut/Erth      0%         N/A       98%         2
 Poisonous Vapours        Pois/Air       2%         N/A       98%         2
 Searing Ray              Conj           2%         2d4       98%         2
 Confusing Touch          Hex            1%         N/A       100%        3
 Dazzling Flash           Conj/Hex       2%         N/A       100%        3
 Gell's Gravitas          Tloc           1%         N/A       100%        3
 Ignite Poison            Fire/Tmut/Pois 1%         N/A       100%        3
 Kindle Blastsparks       Fire/Tloc/Air  2%         2d10      100%        3
 Mephitic Cloud           Conj/Pois/Air  1%         N/A       100%        3
 Ozocubu's Armour         Ice            1%         N/A       100%        3
 Portal Projectile        Hex/Tloc       2%         N/A       100%        3
 Swiftness                Air            1%         N/A       100%        3
 Teleport Other           Tloc           1%         N/A       100%        3
 Vampiric Draining        Necr           1%         2d6       100%        3
 Airstrike                Air            0%         2d(1-17)  100%        4
 Cause Fear               Hex            0%         N/A       100%        4
 Fulminant Prism          Conj/Hex       0%         3d5       100%        4
 Leda's Liquefaction      Hex/Erth       0%         N/A       100%        4
 Manifold Assault         Tloc           1%         N/A       100%        4
 Petrify                  Tmut/Erth      1%         N/A       100%        4
 Agony                    Necr           1%         N/A       100%        5
 Blade Hands              Tmut           0%         N/A       100%        5
 Borgnjor's Vile Clutch   Necr/Erth      0%         N/A       100%        5
 Iskenderun's Battlesphe  Conj           1%         2d6       100%        5
 Lee's Rapid Deconstruct  Erth           0%         3d4*      100%        5
 Lightning Bolt           Conj/Air       0%         1d11      100%        5
 Metabolic Englaciation   Hex/Ice        0%         N/A       100%        5
 Silence                  Hex/Air        0%         N/A       100%        5
 Iron Shot                Conj/Erth      0%         9d1       100%        6
 Starburst                Conj/Fire      0%         6d3       100%        6
 Dragon Form              Tmut           0%         N/A       100%        7
 Storm Form               Tmut/Air       0%         N/A       100%        7
 Call Canine Familiar     Summ           Unusable   N/A       N/A         3
 Animate Armour           Summ/Erth      Unusable   N/A       N/A         4
 Summon Lightning Spire   Summ/Air       Unusable   N/A       N/A         4
 Summon Mana Viper        Hex/Summ       Unusable   N/A       N/A         5
 Death Channel            Necr           Unusable   N/A       N/A         6
 Simulacrum               Ice/Necr       Unusable   N/A       N/A         6
 Spellforged Servitor     Conj/Summ      Unusable   N/A       N/A         7
 Dragon's Call            Summ           Unusable   N/A       N/A         9

Dungeon Overview and Level Annotations

Branches:
Dungeon (13/15)            Temple (1/1) D:5            Lair (5/5) D:8
 Shoals (0/4) Lair:2        Snake (4/4) Lair:2        Slime (0/5) Lair:4
    Orc (2/2) D:9             Elf (0/3) Orc:2        Vaults (0/5) D:13
   Hell (visited)          Bailey (visited)         Volcano (visited)
    Dis: Hell:1         Geh: Hell:1         Coc: Hell:1         Tar: Hell:1

Altars:
Ashenzari
Cheibriados
Dithmenos
Elyvilon
Fedhas
Gozag
Hepliaklqana
Kikubaaqudgha
Makhleb
Nemelex Xobeh
Okawaru
Qazlal
Ru
Sif Muna
Trog
Uskayaw
Vehumet
Wu Jian
Xom
Yredelemnul
Zin
The Shining One
Lugonu

Shops:
D:7 *   D:8 *   D:10 =   Orc:1 =   Orc:2 ([==   Snake:2 ?*   Snake:4 ?[(

Portals:
Hell: Lair:5
Bazaar: Snake:1

Annotations:
D:13 Nessos, Rupert
Snake:2 1 runed translucent door, Zyngae's ghost, adept HOFi
Hell Geryon


Innate Abilities, Weirdness & Mutations

You have a pair of horns on your head.
You reflexively headbutt those who attack you in melee.


Message History

The guardian serpent is heavily wounded.
You feel extremely sick. You block the sea snake's attack.
You block the naga's attack. The naga misses you.
You block the guardian serpent's attack.
The sea snake bites you but does no damage.
You puncture the guardian serpent!
Your headbutt misses the guardian serpent.
The guardian serpent is severely wounded.
You feel extremely sick.
The sea snake bites you but does no damage.
The sea snake barely misses you.
A naga comes into view. It is wielding a +0 war axe.
The sea snake bites you but does no damage.
The guardian serpent closely misses you.
You furiously retaliate!
You headbutt the guardian serpent! The naga hits you but does no damage.
You block the naga's attack.
You puncture the guardian serpent!
You kill the guardian serpent!
Okawaru accepts your kill. Okawaru grants you armour!
Something appears at your feet!
You see here a +1 hat.
You feel extremely sick. The sea snake misses you.
You block the sea snake's attack. x3
You feel extremely sick. The sea snake bites you.
* * * LOW HITPOINT WARNING * * *
You are lethally poisoned!
The sea snake poisons you! The sea snake closely misses you.
You furiously retaliate!
You headbutt the sea snake!
* * * LOW HITPOINT WARNING * * *
You feel extremely sick.
A guardian serpent comes into view.
The naga mage points at the naga and mumbles some strange words.
The naga seems to grow toxic.
You block the sea snake's attack.
Okay, then.
Blink to where?
Press: ? - help, Dir - move target
As you read the scroll of blinking, it crumbles to dust.
You die...

....<.............##.#
)##'#..#..........##.#
###.#.............##.#
###)#.##..###........#
....#.#<..# ############
....#.#...# ##...##
....#...#.# ####)..S§##
....#...#.# ##..[.###SS#
.)..#...#.# ##.@..## #SS#
....#.###)# #.))### #N.≈#
).........# ##.).## #NS≈~#
.....###### #.#.#.# ≈≈~.≈~~
.....###### ##...##≈≈~~.....
.....##...####.#.#≈≈~N..~~S~.
...###.###.##....##≈~.≈≈~≈≈~.#
..####.....##.....##~.~≈≈≈≈≈..
..#.#.......#......#


You could see a sea snake.

Vanquished Creatures
  Vashnia (Snake:4)
  Bai Suzhen (Snake:4)
  The ghost of oldriver the Fighter, an adept MeEE of Okawaru (Snake:4)
  Mlioglotl (Snake:3)
  5 nagarajas
  Louise (Snake:4)
  An orc warlord (Orc:2)
  A cacodemon (Lair:5)
  Aizul (Snake:3)
  A salamander tyrant (Snake:1)
  Harold (Orc:1)
  4 hydras
  A centaur warrior (Volcano)
  9 anacondas
  A catoblepas (Lair:5)
  A boulder beetle (Lair:5)
  A dancing weapon (Snake:4)
  4 two-headed ogres
  10 naga warriors
  12 death yaks
  9 shock serpents
  19 naga sharpshooters
  Sonja (Lair:4)
  Nergalle (Lair:1)
  A sun demon (Lair:5)
  A hell knight (Volcano)
  A fire crab (Lair:3)
  7 salamander mystics
  9 sea snakes
  A wizard (Lair:5)
  2 skysharks
  Pikel (D:7)
  6 naga ritualists
  2 orc knights
  A deep elf pyromancer (D:12)
  A lindwurm (Lair:3)
  9 mana vipers
  4 ugly things
  9 salamanders
  2 orc sorcerers (Orc:2)
  3 cyclopes
  12 elephants
  17 naga magi
  32 black mambas
  7 guardian serpents
  2 merfolk sirens (Lair:2)
  2 molten gargoyles (Volcano)
  12 cane toads
  3 orange demons (Lair:5)
  A smoke demon (Lair:5)
  8 komodo dragons
  5 kobold demonologists
  A yaktaur (Volcano)
  8 rime drakes
  An ice devil (Lair:5)
  3 red devils (Lair:5)
  2 merfolk (Lair:2)
  6 trolls
  4 polar bears
  A hornet (D:9)
  Grinder (D:3)
  18 blink frogs
  6 slime creatures (D:12)
  2 spriggans (Lair:4)
  A wraith (D:11)
  7 wyverns
  45 yaks
  Eustachio (D:5)
  4 basilisks
  2 fire bats (Volcano)
  Grum (D:9)
  3 chaos spawn (D:12)
  Menkaure (D:4)
  2 wargs (D:8)
  42 nagas
  16 water moccasins
  4 hell hounds (Lair:5)
  7 black bears
  30 orc warriors
  39 wolves
  6 centaurs
  An ogre (Orc:1)
  11 kobold brigands
  14 bullfrogs
  4 scorpions
  A gnoll sergeant (D:10)
  2 necrophages
  5 killer bees (D:9)
  27 wights
  2 electric eels
  10 howler monkeys
  5 lava snakes (Volcano)
  2 hounds (D:6)
  A gnoll bouda (D:6)
  2 jellies
  19 orc priests
  Jessica (D:3)
  2 iguanas (D:5)
  18 orc wizards
  5 hell rats (Lair:5)
  14 gnolls
  7 adders
  2 white imps
  An ufetubus (D:6)
  A worm (D:3)
  2 dart slugs (D:1)
  67 orcs
  12 endoplasms
  A giant cockroach (D:3)
  14 hobgoblins
  4 jackals (D:3)
  2 quokkas
  10 ball pythons
  10 bats
  2 frilled lizards (D:3)
  10 goblins
  27 kobolds
  6 rats
837 creatures vanquished.

Vanquished Creatures (others)
  A naga (Snake:2)
  30 fungi
  31 plants
62 creatures vanquished.

Grand Total: 899 creatures vanquished

Notes
Turn   | Place    | Note
-------+----------+-------------------------------------------
     0 | D:1      | hikkokomori the Minotaur Fighter began the quest for the
                  | Orb.
     0 | D:1      | Reached XP level 1. HP: 19/19 MP: 0/0
    82 | D:1      | Reached XP level 2. HP: 27/27 MP: 1/1
   389 | D:1      | Found a faded altar of an unknown god.
   648 | D:1      | Reached XP level 3. HP: 33/33 MP: 2/2
  1571 | D:3      | Reached XP level 4. HP: 24/41 MP: 3/3
  1726 | D:3      | Identified the +9 dagger "Zuhi" {flame, rN+ Str-2 Dex+5
                  | Stlth+}
  1960 | D:3      | Noticed Grinder
  1972 | D:3      | Paralysed by Grinder for 3 turns
  1981 | D:3      | Killed Grinder
  1982 | D:3      | Reached skill level 5 in Fighting
  1982 | D:3      | Reached skill level 5 in Armour
  1982 | D:3      | Reached skill level 5 in Shields
  1982 | D:3      | Reached XP level 5. HP: 30/48 MP: 4/4
  1982 | D:3      | Reached XP level 6. HP: 35/56 MP: 5/5
  2071 | D:3      | Noticed Jessica
  2077 | D:3      | Killed Jessica
  2595 | D:4      | Found a radiant altar of Vehumet.
  2661 | D:4      | Got the Anthology of the Tektite and the Bonfire
  2888 | D:4      | Noticed Menkaure
  2903 | D:4      | Killed Menkaure
  2904 | D:4      | Reached skill level 5 in Polearms
  2904 | D:4      | Reached XP level 7. HP: 22/62 MP: 6/6
  3040 | D:4      | Found a sparkling altar of Nemelex Xobeh.
  3287 | D:5      | Entered Level 5 of the Dungeon
  3698 | D:5      | Found a glowing drain.
  3738 | D:5      | Noticed Eustachio
  3747 | D:5      | Killed Eustachio
  4096 | D:5      | Found a staircase to the Ecumenical Temple.
  4104 | D:5      | Reached XP level 8. HP: 71/71 MP: 7/7
  4263 | Temple   | Entered the Ecumenical Temple
  4521 | D:6      | Noticed a troll
  4541 | D:5      | Killed a troll
  5348 | D:6      | Got Vodaaheu's Information on Spectres and Stones
  5411 | D:6      | Found a broken altar of Ashenzari.
  5447 | D:6      | Found a glowing golden altar of the Shining One.
  5451 | D:6      | Found an iron altar of Okawaru.
  5524 | D:6      | Became a worshipper of Warmaster Okawaru
  5922 | D:6      | Found an opulent altar of Gozag.
  5927 | D:6      | Found a snail-covered altar of Cheibriados.
  6026 | D:6      | Identified the +8 scale mail "Qamo" {rN+ Str+5}
  6134 | D:7      | Reached XP level 9. HP: 55/75 MP: 8/8
  6147 | D:7      | Reached skill level 1 in Dodging
  6153 | D:7      | Reached skill level 1 in Throwing
  6172 | D:7      | Reached skill level 1 in Invocations
  6195 | D:7      | Found a flagged portal.
  6399 | Bailey   | Entered a bailey
  6427 | Bailey   | Reached * piety under Okawaru
  6722 | Bailey   | Noticed an orc knight
  6771 | Bailey   | Killed an orc knight
  6971 | Bailey   | Found an iron altar of Okawaru.
  7054 | D:7      | Found a burning altar of Makhleb.
  7069 | D:7      | Found Jiorghadi's Assorted Antiques.
  7096 | D:7      | Found a sacrificial altar of Ru.
  7132 | D:7      | Reached ** piety under Okawaru
  7150 | D:7      | Noticed Pikel
  7159 | D:7      | Killed Pikel
  7160 | D:7      | Reached XP level 10. HP: 85/91 MP: 11/11
  7324 | D:7      | Found a hide-covered altar of Uskayaw.
  7776 | D:8      | Reached *** piety under Okawaru
  7909 | D:8      | Found a staircase to the Lair.
  7947 | D:8      | Received a gift from Okawaru
  7952 | D:8      | Reached skill level 1 in Evocations
  8211 | D:8      | Found Qotinep's Assorted Antiques.
  8228 | D:8      | Bought a scroll labelled OLONUX ONARA for 28 gold pieces
  8228 | D:8      | Bought a fuming coppery potion for 25 gold pieces
  8602 | D:8      | Found a white marble altar of Elyvilon.
  8687 | D:9      | Reached skill level 5 in Dodging
  8960 | D:9      | Reached skill level 10 in Fighting
  9153 | D:9      | Noticed a white ugly thing
  9156 | D:9      | Noticed a red ugly thing
  9159 | D:9      | Noticed a red ugly thing
  9173 | D:9      | Killed a red ugly thing
  9174 | D:9      | Reached skill level 5 in Invocations
  9211 | D:8      | Reached skill level 10 in Polearms
  9211 | D:8      | Reached XP level 11. HP: 26/100 MP: 12/14
  9639 | D:9      | Noticed a two-headed ogre
  9647 | D:9      | Killed a two-headed ogre
  9647 | D:9      | Reached **** piety under Okawaru
  9708 | D:9      | Found a stormy altar of Qazlal.
  9815 | D:9      | Reached XP level 12. HP: 94/107 MP: 16/16
  9843 | D:9      | Noticed Grum
  9859 | D:9      | Killed Grum
  9961 | D:9      | Found a staircase to the Orcish Mines.
 10030 | D:9      | Found a shadowy altar of Dithmenos.
 10031 | D:9      | Found a hazy altar of Hepliaklqana.
 10073 | D:9      | Reached skill level 5 in Evocations
 10335 | D:9      | Received a gift from Okawaru
 10430 | D:9      | Found a blossoming altar of Fedhas.
 10531 | D:9      | Got the Information on Ignition
 10555 | D:9      | Got the Vellum of Productive Geology
 10799 | Lair:1   | Entered Level 1 of the Lair of Beasts
 10821 | D:8      | HP: 3/108 [yak (9)]
 11160 | D:10     | Entered Level 10 of the Dungeon
 11194 | D:10     | Found Vefi Geduin's Jewellery Emporium.
 11563 | D:10     | Found a shimmering blue altar of Sif Muna.
 11644 | D:10     | Noticed a two-headed ogre
 11658 | D:10     | Killed a two-headed ogre
 12400 | Lair:1   | Received a gift from Okawaru
 12799 | Lair:1   | Noticed Nergalle
 12806 | Lair:1   | Killed Nergalle
 12806 | Lair:1   | Reached ***** piety under Okawaru
 13793 | Lair:2   | Identified the +6 plate armour of Impatience {Contam +Blink
                  | rF+ Str+4} (Okawaru gifted it to you on level 2 of the Lair
                  | of Beasts)
 13793 | Lair:2   | Received a gift from Okawaru
 14195 | Lair:2   | Reached XP level 13. HP: 101/117 MP: 18/18
 14318 | Lair:2   | Found a staircase to the Snake Pit.
 14377 | Lair:2   | Found a staircase to the Shoals.
 15496 | D:6      | Identified a scroll of acquirement
 15658 | Lair:4   | Found a staircase to the Slime Pits.
 15683 | Lair:4   | Noticed Sonja
 15687 | Lair:4   | Killed Sonja
 15734 | Lair:4   | Received a gift from Okawaru
 15914 | Lair:4   | You fall into a shaft and drop 1 floor!
 15914 | Lair:5   | Entered Level 5 of the Lair of Beasts
 15991 | Lair:5   | Reached skill level 10 in Armour
 16034 | Lair:5   | Received a gift from Okawaru
 16118 | Lair:5   | Reached XP level 14. HP: 79/132 MP: 11/19
 16259 | Lair:4   | Found a dark tunnel.
 16267 | Volcano  | Entered a volcano
 16290 | Volcano  | Identified the +4 ring mail of the Moon {Fly} (Okawaru
                  | gifted it to you in a volcano)
 16290 | Volcano  | Received a gift from Okawaru
 16544 | Volcano  | Found a burning altar of Makhleb.
 17051 | Lair:4   | Reached skill level 1 in Spellcasting
 17728 | Lair:5   | Identified the +0 leather armour of Hangman {Rampage MP+9}
 18117 | Lair:5   | Reached skill level 15 in Fighting
 18492 | Lair:5   | Found a burning altar of Makhleb.
 19295 | Lair:5   | Found a gateway to Hell.
 19309 | Hell     | Entered the Vestibule of Hell
 19309 | Hell     | Noticed Geryon
 19309 | Hell     | Noticed a reaper
 19309 | Hell     | Noticed a cacodemon
 19321 | Lair:5   | Killed a cacodemon
 19321 | Lair:5   | Received a gift from Okawaru
 19554 | Orc:1    | Entered Level 1 of the Orcish Mines
 19940 | Orc:2    | Entered Level 2 of the Orcish Mines
 19952 | Orc:2    | Reached skill level 5 in Throwing
 20051 | Orc:2    | Reached skill level 10 in Dodging
 20253 | Orc:2    | Found a staircase to the Elven Halls.
 20313 | Orc:2    | Found Ipedig's Jewellery Shop.
 20401 | Orc:2    | Bought a ring of see invisible for 150 gold pieces
 20483 | Orc:2    | Received a gift from Okawaru
 20835 | Orc:2    | Noticed an orc warlord
 21022 | Orc:2    | Killed an orc warlord
 21212 | Orc:2    | Reached XP level 15. HP: 141/141 MP: 18/20
 21349 | Orc:2    | Found Zaer's Antique Armour Boutique.
 21351 | Orc:2    | Found Reneaho's Antique Weapon Shop.
 21639 | Orc:2    | Found Kiriuh's Jewellery Boutique.
 21725 | Orc:1    | Found Hyps's Jewellery Shoppe.
 21767 | Orc:1    | Bought the ring "Xahaoti" {rElec rN+ Will+} for 604 gold
                  | pieces
 21849 | Orc:1    | Noticed Harold
 21857 | Orc:1    | Killed Harold
 22386 | D:11     | Received a gift from Okawaru
 22783 | D:11     | Found a shimmering altar of Xom.
 22785 | D:11     | Found a shimmering altar of Xom.
 22785 | D:11     | Found a hazy altar of Hepliaklqana.
 22787 | D:11     | Found a burning altar of Makhleb.
 22787 | D:11     | Found a basalt altar of Yredelemnul.
 22787 | D:11     | Found a sacrificial altar of Ru.
 23640 | D:12     | Received a gift from Okawaru
 23842 | D:12     | Found a shimmering altar of Xom.
 23846 | D:12     | Found the +7 mace of Variability {chaos, chain chaos}
 24216 | D:13     | Noticed Nessos
 24216 | D:13     | Noticed Rupert
 24216 | D:13     | Found a gate to the Vaults.
 24354 | Snake:1  | Entered Level 1 of the Snake Pit
 24557 | D:10     | Bought the amulet of Vitality {RegenMP++ Regen++} for 1600
                  | gold pieces
 24557 | D:10     | Found the amulet of Vitality {RegenMP++ Regen++}
 24711 | Snake:1  | Found a gateway to a bazaar.
 24734 | Snake:1  | Received a gift from Okawaru
 24913 | Arena    | Entered the Arena
 24966 | Snake:1  | Noticed a nagaraja
 24971 | Snake:1  | Found a shimmering blue altar of Sif Muna.
 24980 | Snake:1  | Found a transporter.
 25138 | Snake:1  | Noticed a nagaraja
 25402 | Snake:1  | Received a gift from Okawaru
 25441 | Snake:1  | Reached skill level 10 in Shields
 25495 | Snake:1  | Killed a nagaraja
 25519 | Snake:1  | Found a transporter.
 25533 | Snake:1  | Killed a nagaraja
 25533 | Snake:1  | Received a gift from Okawaru
 25725 | Snake:2  | Reached ****** piety under Okawaru
 25776 | Snake:2  | Reached XP level 16. HP: 151/151 MP: 20/22
 25832 | Snake:2  | Identified the +0 scale mail "Hero's Friend" {Drain rN+++
                  | Str+3 SInv}
 25853 | Snake:2  | Reached skill level 15 in Polearms
 25853 | Snake:2  | Reached skill level 10 in Invocations
 25971 | Snake:2  | Received a gift from Okawaru
 26052 | Snake:2  | Found a runed translucent door.
 26052 | Snake:2  | Noticed Zyngae's ghost (adept HOFi)
 26263 | Snake:2  | Found Fixyfoas's Magic Scroll Emporium.
 26270 | Snake:2  | Bought a scroll of enchant weapon for 120 gold pieces
 26270 | Snake:2  | Bought a scroll of blinking for 120 gold pieces
 26270 | Snake:2  | Bought a scroll of teleportation for 48 gold pieces
 26271 | Snake:2  | Found Bich's Assorted Antiques.
 26704 | Snake:3  | Noticed Aizul
 26721 | Snake:3  | Killed Aizul
 26721 | Snake:3  | Received a gift from Okawaru
 26891 | Snake:3  | Noticed Mlioglotl
 26907 | Snake:3  | Killed Mlioglotl
 27363 | Snake:3  | Identified the +4 short sword of Laeng {vamp, Dex+3}
 27586 | Snake:4  | Entered Level 4 of the Snake Pit
 27597 | Snake:4  | Received a gift from Okawaru
 27870 | Snake:4  | Found a runed translucent door.
 27871 | Snake:4  | Found a shimmering altar of Xom.
 27871 | Snake:4  | Noticed oldriver's ghost (adept MeEE)
 27871 | Snake:4  | Noticed Bai Suzhen
 27888 | Snake:4  | Killed Bai Suzhen
 27909 | Snake:4  | Received a gift from Okawaru
 27935 | Snake:4  | Killed oldriver's ghost
 27936 | Snake:4  | Identified the +0 leather armour of Kofrum {*Slow rPois rF+
                  | Dex+2}
 28039 | Snake:4  | Reached skill level 5 in Spellcasting
 28102 | Snake:4  | Found Byibbofu's Magic Scroll Emporium.
 28104 | Snake:4  | Found Aczagize's Antique Armour Shoppe.
 28107 | Snake:4  | Found Taraem's Antique Weapon Emporium.
 28197 | Snake:4  | HP: 6/154 [poisoned by a naga (splash of poison)]
 28377 | Snake:4  | Noticed Louise
 28392 | Snake:4  | Killed Louise
 28392 | Snake:4  | Received a gift from Okawaru
 28552 | Snake:4  | Reached XP level 17. HP: 161/161 MP: 22/24
 28814 | Snake:4  | Noticed Vashnia
 28828 | Arena    | Entered the Arena
 28856 | Snake:4  | Killed Vashnia
 28968 | Snake:4  | Reached skill level 15 in Armour
 29018 | Snake:4  | Received a gift from Okawaru
 29020 | Snake:4  | HP: 8/161 [poisoned by a sea snake]
 29021 | Snake:4  | Succumbed to a sea snake's poison

Illustrated notes

Levels and vault maps discovered:
D:1:      sevenhm_arrival_forest_fort_small_5, layout_loops_corners,
          chequers_ecumenical_altar_simple_redux, minivault_27,
          wad_woods_river_04, minmay_tromino_v4_a
D:2:      layout_rooms, st_stairs_3
D:3:      layout_loops_ring, uniq_grinder, uniq_jessica
D:4:      layout_gridville, vehumet_crystals, mainiacjoe_overflow_brackets,
          uniq_menkaure
D:5:      layout_basic, minmay_temple_entry_trees, gup_sewer_entry_glass,
          uniq_eustachio
D:6:      layout_cave_pools, okawaru_altar_gauntlet_db,
          grunt_temple_overflow_open, mainiacjoe_overflow_catch_the_wave,
          minivault_14
D:7:      layout_basic, nicolae_uskayaw_murder_on_the_dancefloor,
          nicolae_ru_sacrificial_ziggurat, kennysheep_mini, enter_bailey_4,
          serial_shops, nicolae_shop_overgrown_old_shop,
          chequers_serial_rivers_marsh, uniq_pikel
D:8:      layout_loops_ring, lemuel_coloured_pillars_altar,
          erik_lair_orcish_takeover, serial_shops, nicolae_shop_trees
D:9:      minmay_the_grid_octo_2x2 [minmay_the_grid_octo_empty,
          minmay_the_grid_octo_thin_diamonds, minmay_the_grid_octo_concentric,
          minmay_the_grid_octo_prize_ultimate_mussel_roller], layout_basic,
          riverfiend_overflow_shadow_ancestor, fedhas_altar_3,
          mainiacjoe_overflow_cross_hatched, serial_glass, glass_columns_c,
          glass_columns_c, glass_columns_b, glass_columns_b, glass_columns_c,
          glass_columns_b, glass_columns_a, glass_columns_a, uniq_grum
D:10:     layout_loops_cross, mainiacjoe_overflow_paths, serial_shops, shop
D:11:     layout_loops_ring, doesnt_xom_only_xom
D:12:     layout_roguey, minmay_guarded_unrand_variability
D:13:     layout_stronghold, david_vaults_3, lemuel_nasty_fountain
Temple:   corrupted_temple
Lair:1:   layout_hall_layers, infiniplex_staircase_pool_2, uniq_nergalle
Lair:2:   layout_layer_cave, elwin_shoals_entry_stream,
          minmay_snake_entry_spellcaster
Lair:3:   layout_loops_ring
Lair:4:   layout_cellular_growth, slime_entry_1, enter_volcano_2,
          forest_entry_grove, uniq_sonja
Lair:5:   evil_forest, layout_misc_corridors, grunt_megastairs_1
Snake:1:  gammafunk_sealed_library, layout_rooms, serial_shops, statue_bzr
Snake:2:  layout_onion_interference, ebering_ghost_reflecting_pool,
          guppyfry_snake_island, minmay_shoptagon, serial_bayou_shore_a
Snake:3:  layout_honeycomb, nicolae_snake_gridmaze_entwining, uniq_mlioglotl,
          uniq_aizul
Snake:4:  grunt_snake_rune_pools, layout_basic, ebering_ghost_xom,
          minmay_shop_star, lemuel_fruit_tree, uniq_louise, uniq_bai_suzhen,
          uniq_vashnia
Orc:1:    layout_diamond_mine, serial_shops, shop_fountains, uniq_harold
Orc:2:    grunt_orc_community_town_hall, layout_caves,
          grunt_orc_community_big_house_2, grunt_orc_community_big_house_1,
          grunt_orc_community_house_2, grunt_orc_community_house_3,
          grunt_orc_community_house_3, grunt_orc_community_house_3,
          grunt_orc_community_house_3
Hell

Skill      XL: |  1  2  3  4  5  6  7  8  9 10 11 12 13 14 15 16 17 |
---------------+----------------------------------------------------+-----
Fighting       | 4 5 6 8 9 10 11 14 15 16 17 | 17.2
Shields        | 4 5 6 7 9 10 11 12 | 12.1
Armour         | 4 5 6 7 11 12 13 14 15 | 15.0
Polearms       | 3 4 5 6 7 8 10 11 12 14 16 17 | 17.1
Dodging        | 4 7 9 10 11 | 11.0
Throwing       | 3 4 5 6 |  6.7
Invocations    | 3 6 8 9 10 11 | 11.2
Evocations     | 4 6 7 8 |  8.0
Stealth        | 3 |  3.2
Spellcasting   | 2 3 5 |  5.3

Action                     |  1- 3 |  4- 6 |  7- 9 | 10-12 | 13-15 | 16-18 || total
---------------------------+-------+-------+-------+-------+-------+-------++-------
  Melee: Trident           |    99 |   101 |   338 |   532 |  1473 |    41 ||  2584
         Headbutt          |     6 |    19 |    42 |   110 |   290 |   108 ||   575
         Demon trident     |       |       |       |       |       |   528 ||   528
  Throw: Dart              |       |       |     4 |     1 |     7 |     5 ||    17
         Boomerang         |       |       |     2 |       |     8 |       ||    10
         Javelin           |       |       |     1 |     6 |     1 |     1 ||     9
 Invoke: Heroism           |       |       |     2 |     8 |    16 |    14 ||    40
         Finesse           |       |       |       |       |     3 |     4 ||     7
         Duel              |       |       |       |       |     1 |     1 ||     2
  Evoke: Wand              |       |       |       |     7 |     3 |     9 ||    19
         Lightning rod     |       |       |       |       |     8 |     1 ||     9
    Use: Scroll            |     8 |     1 |     7 |     7 |    15 |    10 ||    48
         Potion            |     2 |       |     4 |     4 |     8 |     9 ||    27
   Stab: Distracted        |       |       |       |     3 |     1 |       ||     4
         Sleeping          |       |       |       |     2 |     1 |       ||     3
 Armour: Scale mail        |    22 |    26 |   110 |   160 |    77 |       ||   395
         Plate armour      |       |       |       |       |   374 |   217 ||   591
  Dodge: Dodged            |    29 |    19 |   129 |   187 |   371 |   172 ||   907
  Block: Buckler           |    13 |    12 |    81 |   100 |   244 |       ||   450
         Kite shield       |       |       |       |       |    15 |   301 ||   316

Table legend: (Time is in decaauts)
 A = Elapsed time spent in this place.
 B = Non-inter-level travel time spent in this place.
 C = Inter-level travel time spent in this place.
 D = Time resting spent in this place.
 E = Time spent auto-exploring this place.
 F = Levels seen in this place.
 G = Mean time per level.
                   A        B        C        D        E       F      G
               +--------+--------+--------+--------+--------+-----+--------+
         Total |  28274 |  26384 |   1890 |   1147 |  19940 |  30 |  942.5 |
       Dungeon |  14042 |  12818 |   1224 |    603 |  10230 |  13 | 1080.2 |
        Temple |     48 |     32 |     16 |      0 |     25 |   1 |   48.0 |
          Lair |   6485 |   6141 |    344 |     80 |   4990 |   5 | 1297.0 |
     Snake Pit |   4210 |   4051 |    159 |    284 |   2423 |   4 | 1052.5 |
  Orcish Mines |   2417 |   2271 |    146 |      0 |   1969 |   2 | 1208.5 |
          Hell |      1 |      1 |      0 |      0 |      0 |   1 |    1.0 |
        Bailey |    596 |    596 |      0 |    180 |    193 |   1 |  596.0 |
       Volcano |    440 |    440 |      0 |      0 |    109 |   1 |  440.0 |
         Arena |     32 |     32 |      0 |      0 |      0 |   2 |   16.0 |
               +--------+--------+--------+--------+--------+-----+--------+

Top non-repeatable levels by time:
     D:9: 1932 daAuts
  Lair:5: 1855 daAuts
     D:8: 1787 daAuts
   Orc:2: 1707 daAuts
     D:5: 1583 daAuts
  Lair:2: 1406 daAuts
 Snake:4: 1332 daAuts
  Lair:4: 1255 daAuts
     D:6: 1215 daAuts
    D:11: 1120 daAuts
    D:10: 1104 daAuts
     D:1: 1085 daAuts
  Lair:1: 1069 daAuts
 Snake:1: 1029 daAuts
     D:7: 999 daAuts
